 Dungeon Crawl Stone Soup version 0.24.0-123-gd5b16e6ec5 (webtiles) character file.

Game seed: 6767237019953965458, levelgen mode: deterministic

989 Peloso the Slasher (level 7, 64/64 HPs)
             Began as a Minotaur Fighter on Feb 8, 2020.
             Got out of the dungeon alive.
             The game lasted 00:08:31 (4153 turns).

Peloso the Slasher (Minotaur Fighter)               Turns: 4153, Time: 00:08:31

Health: 64/64      AC: 12    Str: 20 (21) XL:     7   Next: 98%
Magic:  6/6        EV:  5    Int:  4 (5)  God:
Gold:   293        SH:  9    Dex:  7 (9)  Spells: 6/6 levels left

rFire    . . .     SeeInvis .   a - +0 long sword
rCold    . . .     Gourm    .   c - +0 shield
rNeg     . . .     Faith    .   h - +0 plate armour
rPois    .         Spirit   .   (helmet restricted)
rElec    .         Reflect  .   (no cloak)
rCorr    +         Harm     .   (no gloves)
MR       +....                  (no boots)
Stlth    ..........             (no amulet)
HPRegen  1.00/turn              u - ring of protection from magic
MPRegen  0.10/turn              o - ring of resist corrosion

@: no status effects
A: retaliatory headbutt, horns 2, clumsy 1, high mp 1, regeneration 2, subdued
magic 1, MP-powered wands
a: no special abilities


You escaped.
You were hungry.

You visited 1 branch of the dungeon, and saw 6 of its levels.

You collected 293 gold pieces.

Inventory:

Hand Weapons
 a - a +0 long sword (weapon)
Armour
 b - a +0 scale mail
 c - a +0 shield (worn)
 h - a +0 plate armour (worn)
 w - +0 swamp dragon scales
 C - a +0 chain mail
Jewellery
 o - a ring of resist corrosion (right hand)
 u - a ring of protection from magic (left hand)
 z - a +4 ring of dexterity {unknown}
 E - an uncursed ring of ice {unknown}
Wands
 A - a wand of paralysis (14)
Scrolls
 e - 7 scrolls of identify {unknown}
 g - a scroll of fog {unknown}
 i - a scroll of random uselessness {unknown}
 l - a scroll of immolation {unknown}
 n - 4 scrolls of remove curse {unknown}
 p - a scroll of enchant armour {unknown}
 q - a scroll of fear {unknown}
 r - 2 scrolls of teleportation {unknown}
 y - a scroll of amnesia {unknown}
 B - 2 scrolls of blinking {unknown}
Potions
 d - a potion of might
 j - a potion of cancellation
 k - a potion of invisibility
 t - a potion of agility
 v - a potion of heal wounds
 D - a potion of flight
Comestibles
 f - 9 rations


   Skills:
 + Level 6.3 Fighting
 + Level 6.7 Long Blades
 + Level 6.2 Armour
 + Level 2.1 Dodging
 + Level 0.4 Stealth
 + Level 5.7 Shields


You had 6 spell levels left.
You didn't know any spells.
Your spell library was empty.

Dungeon Overview and Level Annotations

Branches:
Dungeon (6/15)
 Temple: D:4-7

Altars:
Cheibriados
Gozag
Nemelex Xobeh
Uskayaw
Zin
The Shining One


Innate Abilities, Weirdness & Mutations

You reflexively headbutt those who attack you in melee.
You have a pair of horns on your head.
You are clumsy. (Dex -2)
You have an increased reservoir of magic. (+10% MP)
You heal very quickly.
Your spells are a little easier to cast, but a little less powerful.
You expend magic power (3 MP) to strengthen your wands.


Message History

There is a stone staircase leading up here.
You climb upwards.
There is a stone staircase leading down here.
There is a stone staircase leading up here.
You climb upwards.
There is a stone staircase leading down here.
There is an open door here.
There is an open door here.
You see here 9 arrows.
You see here 9 stones.
There is an open door here.
You enter the shallow water.
Moving in this stuff is going to be slow.
You enter the shallow water.
Moving in this stuff is going to be slow.
There is an open door here.
You see here a hand axe.
There is a staircase leading out of the dungeon here.
Are you sure you want to leave the Dungeon?
This will make you lose the game!
You have escaped!

#≈≈≈##...#......#
#≈≈≈≈'...'.#.##.#
#≈≈≈##...###.##.#
#≈≈.#)..## #.##.#
#≈.##...# #.##.#
#≈.#...## #....#
#>##...# ######
###...## #.@.##
#####


There were no monsters in sight!

Vanquished Creatures
  Grinder (D:4)
  A centaur (D:5)
  An ogre (D:6)
  A crimson imp (D:5)
  A bullfrog zombie (D:5)
  2 gnoll shamans
  An orc priest (D:3)
  A bullfrog skeleton (D:5)
  Ijyb (D:4)
  Terence (D:3)
  An iguana (D:5)
  3 orc wizards (D:3)
  2 worker ants
  7 gnolls
  9 adders
  An ooze (D:2)
  3 worms (D:2)
  3 dart slugs (D:1)
  A leopard gecko (D:3)
  6 orcs
  5 giant cockroaches
  9 goblins
  5 hobgoblins
  2 quokkas
  A ball python (D:3)
  10 bats
  6 frilled lizards
  8 kobolds
  A leopard gecko skeleton (D:5)
  A quokka skeleton (D:5)
  6 rats
101 creatures vanquished.

Notes
Turn   | Place    | Note
-------+----------+-------------------------------------------
     0 | D:1      | Peloso the Minotaur Fighter began the quest for the Orb.
     0 | D:1      | Reached XP level 1. HP: 19/19 MP: 0/0
   358 | D:1      | Reached XP level 2. HP: 21/27 MP: 1/1
   821 | D:2      | Reached XP level 3. HP: 33/33 MP: 2/2
   864 | D:2      | Found a snail-covered altar of Cheibriados.
  1015 | D:2      | Reached XP level 4. HP: 40/40 MP: 3/3
  1274 | D:2      | Found a sparkling altar of Nemelex Xobeh.
  1851 | D:3      | Reached skill level 1 in Dodging
  1851 | D:3      | Reached XP level 5. HP: 19/47 MP: 4/4
  1880 | D:3      | Found a hide-covered altar of Uskayaw.
  1944 | D:3      | Found an opulent altar of Gozag.
  1944 | D:3      | Found a glowing silver altar of Zin.
  1997 | D:3      | Noticed Terence
  2004 | D:3      | Killed Terence
  2169 | D:3      | Reached skill level 5 in Fighting
  2365 | D:4      | Reached XP level 6. HP: 56/56 MP: 5/5
  2427 | D:4      | Noticed Ijyb
  2444 | D:4      | Killed Ijyb
  2464 | D:4      | Noticed Grinder
  2470 | D:4      | Killed Grinder
  2470 | D:4      | Reached skill level 5 in Long Blades
  2470 | D:4      | Reached skill level 5 in Armour
  2470 | D:4      | Reached skill level 5 in Shields
  2773 | D:4      | Reached XP level 7. HP: 60/61 MP: 6/6
  3167 | D:4      | Gained mutation: You occasionally shout uncontrollably at
                  | your foes. [potion of mutation]
  3167 | D:4      | Gained mutation: Your flesh is cold resistant. (rC+)
                  | [potion of mutation]
  3167 | D:4      | Gained mutation: You have sharp fingernails. [potion of
                  | mutation]
  3167 | D:4      | Gained mutation: You are robust. (+10% HP) [potion of
                  | mutation]
  3207 | D:5      | Entered Level 5 of the Dungeon
  3906 | D:6      | Found a glowing golden altar of the Shining One.
  3912 | D:6      | Lost mutation: You are robust. (+10% HP) [potion of
                  | mutation]
  3912 | D:6      | Lost mutation: Your flesh is cold resistant. (rC+) [potion
                  | of mutation]
  3912 | D:6      | Gained mutation: You have an increased reservoir of magic.
                  | (+10% MP) [potion of mutation]
  3912 | D:6      | Gained mutation: Armour fits poorly on your strangely
                  | shaped body. [potion of mutation]
  3912 | D:6      | Gained mutation: Your spells are a little easier to cast,
                  | but a little less powerful. [potion of mutation]
  3912 | D:6      | Gained mutation: Your natural rate of healing is unusually
                  | fast. [potion of mutation]
  3913 | D:6      | Lost mutation: Armour fits poorly on your strangely shaped
                  | body. [potion of mutation]
  3913 | D:6      | Lost mutation: You occasionally shout uncontrollably at
                  | your foes. [potion of mutation]
  3913 | D:6      | Lost mutation: You have sharp fingernails. [potion of
                  | mutation]
  3913 | D:6      | Gained mutation: You heal very quickly. [potion of
                  | mutation]
  3913 | D:6      | Gained mutation: You are clumsy. (Dex -2) [potion of
                  | mutation]
  3913 | D:6      | Gained mutation: You expend magic power (3 MP) to
                  | strengthen your wands. [potion of mutation]
  4153 | D:$      | Got out of the dungeon alive.

Levels and vault maps discovered:
D:1:      evilmike_arrival_crescent, layout_basic
D:2:      wad_river_or_something, layout_loops_ring, lemuel_doored_altar,
          overflow_temple_1_default
D:3:      layout_loops_ring, grunt_temple_overflow_gold_and_silver,
          eat_drink_and_be_merry_uskayaw, uniq_terence
D:4:      layout_basic, first_ration, uniq_ijyb, uniq_grinder
D:5:      layout_basic
D:6:      layout_loops_ring, overflow_temple_1_default, gammafunk_ghost_grave,
          uniq_pikel

Skill      XL: |  1  2  3  4  5  6  7 |
---------------+----------------------+-----
Shields        | 4 5 |  5.7
Fighting       | 4 5 6 |  6.3
Armour         | 4 5 6 |  6.2
Long Blades    | 3 4 5 6 |  6.7
Dodging        | 1 2 |  2.1
Stealth        | |  0.4

Action                   |  1- 3 |  4- 6 |  7- 9 || total
-------------------------+-------+-------+-------++-------
Melee: Long sword        |    90 |   169 |    89 ||   348
       Headbutt          |    11 |    35 |    20 ||    66
  Use: Potion            |       |       |    14 ||    14
  Eat: Chunk             |       |     6 |     4 ||    10
Armor: Scale mail        |    27 |       |       ||    27
       Plate armour      |    48 |    64 |    74 ||   186
       Swamp dragon scal |       |    25 |       ||    25
       Chain mail        |       |     1 |       ||     1
Dodge: Dodged            |    26 |    34 |    40 ||   100
Block: Shield            |    64 |    75 |    74 ||   213
       Rpst.: Long sword |     8 |    11 |     7 ||    26
